 Dungeon Crawl Stone Soup version 0.29.1-4-g47bece8355 (webtiles) character file.

Game seed: 2343317322844396908

233 MajorAdolf the Stinger (level 6, -2/51 HPs)
             Began as a Naga Wanderer on Dec 10, 2022.
             Slain by a steam dragon (5 damage)
             ... on level 4 of the Dungeon.
             The game lasted 00:08:04 (5131 turns).

MajorAdolf the Stinger (Naga Wanderer)              Turns: 5131, Time: 00:08:04

Health: -2/51      AC:  6    Str: 14    XL:     6   Next: 4%
Magic:  5/10       EV:  9    Int: 13    God:
Gold:   173        SH:  0    Dex: 12    Spells: 7/11 levels left

rFire   . . .      SeeInvis +   i - staff of poison
rCold   . . .      Faith    .   (no shield)
rNeg    . . .      Spirit   .   u - +2 leather armour {Will+}
rPois   +          Reflect  .   (no helmet)
rElec   .          Harm     .   (no cloak)
rCorr   .          Rampage  .   o - +0 pair of gloves
Will    +....                   (no barding)
Stlth   ++........              t - amulet of magic regeneration
HPRegen 0.17/turn               (no ring)
MPRegen 0.52/turn               (no ring)

@: very slow
A: AC +2, large, see invisible, deformed body, poison resistance, slowness 2,
spit poison 1, naga tail 1
a: Spit Poison


You were on level 4 of the Dungeon.
You visited 1 branch of the dungeon, and saw 4 of its levels.

You collected 173 gold pieces.

Inventory:

Hand Weapons
 a - a +2 quarterstaff
 c - a +0 hand axe
Armour
 o - a +0 pair of gloves (worn)
 u - a +2 leather armour of willpower (worn)
Magical Staves
 i - a staff of poison (weapon)
 j - a staff of fire
Jewellery
 t - an amulet of magic regeneration (around neck)
Scrolls
 b - a scroll of amnesia {unknown}
 h - 7 scrolls of identify {unknown}
 k - 2 scrolls of blinking {unknown}
 n - a scroll of enchant armour {unknown}
 p - a scroll of enchant weapon {unknown}
 r - a scroll of immolation {unknown}
 s - a scroll of teleportation {unknown}
Potions
 d - 2 potions of lignification
 f - 3 potions of heal wounds {unknown}
 g - 2 potions of curing
 l - 2 potions of mutation {unknown}
 m - 3 potions of berserk rage {unknown}
 q - a potion of might {unknown}


   Skills:
 - Level 1.0 Fighting
 - Level 3.0 Staves
 - Level 1.0 Throwing
 - Level 1.0 Dodging
 - Level 1.6 Stealth
 + Level 3.0 Spellcasting
 + Level 3.2 Air Magic
 + Level 3.9 Poison Magic
 - Level 1.0 Evocations


You had 7 spell levels left.
You knew the following spells:

 Your Spells              Type           Power      Damage    Failure   Level
a - Poisonous Vapours     Pois/Air       34%        N/A       10%         2
b - Static Discharge      Conj/Air       6%         3-4/arc   22%         2

Your spell library contained the following spells:

 Spells                   Type           Power      Damage    Failure   Level
 Lightning Bolt           Conj/Air       3%         1d14      99%         5
 Maxwell's Capacitive Co  Air            5%         ∞         100%        8


Dungeon Overview and Level Annotations

Branches:
Dungeon (4/15)
 Temple: D:4-7

Altars:

Shops:
D:3 =[=(?

Annotations:
D:3 2 transporters, diceflayer's ghost, amateur DsHu
D:4 exclusion: steam dragon


Innate Abilities, Weirdness & Mutations

Your serpentine skin is tough. (AC +2)
You have supernaturally acute eyesight. (SInv)
Armour fits poorly on your strangely shaped body.
Your system is resistant to poisons. (rPois)
You cover ground very slowly.
You can spit poison.
You have a snake-like lower body.


Message History

Really slither into a travel-excluded area?
You feel a surge of power!
You miscast Poisonous Vapours.
You are very lightly contaminated with residual magic.
Nothing appears to happen.
You feel a surge of power!
Poisonous vapours surround the steam dragon!
The steam dragon is poisoned.
You feel a surge of power!
You miscast Poisonous Vapours.
Nothing appears to happen.
You feel a surge of power!
Poisonous vapours surround the steam dragon!
The steam dragon looks even sicker.
You feel a surge of power!
Poisonous vapours surround the steam dragon!
The steam dragon looks even sicker.
You feel a surge of power!
Poisonous vapours surround the steam dragon!
The steam dragon looks as sick as possible!
The steam dragon breathes steam at you. The ball of steam hits you!
The steam dragon attacks as you move away!
The steam dragon bites you. The steam dragon barely misses you.
The steam dragon attacks as you move away!
The steam dragon barely misses you. x3; The steam dragon closely misses you.
You feel a surge of power!
Poisonous vapours surround the steam dragon!
The steam dragon looks as sick as possible!
The steam dragon bites you!
The steam dragon claws you but does no damage.
The steam dragon breathes steam at you. The ball of steam hits you!!
* * * LOW HITPOINT WARNING * * *
Your magical contamination has completely faded away.
The steam dragon attacks as you move away!
The steam dragon bites you.
* * * LOW HITPOINT WARNING * * *
The steam dragon claws you but does no damage.
Unknown command.
The steam dragon bites you.
You die...

#...........#......###....#.
#...........#+#......###....
#...........# #......###..
##..........# ###......###
##.........# ###......#
####....#.# ###....)
########...#.##.# ##......
#........##..§D§# ##......#
#.........##.##@# ##......##
#............##.#
##....).##.
###########.....#
##......##.. ##..##.#
##......##... ##...##.#
##......##..##
##.....#.###......##....#
#........##......##..##..
#.......<#....[.###...###
#........#'#....).###...#


You could see a steam dragon (very poisoned, catching breath).

Vanquished Creatures
  3 hounds (D:4)
  2 orc wizards
  3 adders (D:3)
  A worm (D:3)
  3 dart slugs
  4 orcs
  8 ball pythons
  6 bats
  2 endoplasms
  2 giant cockroaches (D:1)
  2 goblins
  5 hobgoblins
  3 quokkas
  2 frilled lizards (D:2)
  6 kobolds
  7 rats
59 creatures vanquished.

Vanquished Creatures (others)
  6 plants (D:3)
6 creatures vanquished.

Grand Total: 65 creatures vanquished

Notes
Turn   | Place    | Note
-------+----------+-------------------------------------------
     0 | D:1      | MajorAdolf the Naga Wanderer began the quest for the Orb.
     0 | D:1      | MajorAdolf set off with the following items: a +2
                  | quarterstaff, 10 boomerangs, a +0 dagger, a potion of
                  | lignification, a +0 leather armour; and the following
                  | spells available to memorise: Poisonous Vapours, Static
                  | Discharge.
     0 | D:1      | Reached XP level 1. HP: 18/18 MP: 2/2
   185 | D:1      | Reached XP level 2. HP: 12/25 MP: 4/4
   819 | D:1      | Found a faded altar of an unknown god.
  1145 | D:2      | Learned a level 2 spell: Poisonous Vapours
  1543 | D:2      | Reached XP level 3. HP: 31/31 MP: 6/6
  1915 | D:2      | Reached skill level 1 in Poison Magic
  2237 | D:3      | Found Peckaagi's Magic Scroll Shoppe.
  2545 | D:3      | Reached XP level 4. HP: 20/38 MP: 7/7
  2748 | D:3      | Found a transporter.
  2748 | D:3      | Found a transporter.
  2765 | D:3      | Noticed diceflayer's ghost (amateur DsHu)
  3099 | D:3      | Learned a level 2 spell: Static Discharge
  3297 | D:3      | Found Raivviyp's Jewellery Emporium.
  3318 | D:3      | Found Myfiafof's Jewellery Shop.
  3412 | D:3      | Found Naivinas's Armour Shoppe.
  3450 | D:3      | Found Naroimeplue's Weapon Shop.
  3878 | D:4      | Reached XP level 5. HP: 34/44 MP: 2/8
  3976 | D:4      | Noticed a steam dragon
  4754 | D:4      | Reached XP level 6. HP: 42/51 MP: 8/10
  5130 | D:4      | HP: 2/51 [steam dragon (2)]
  5131 | D:4      | Slain by a steam dragon

Illustrated notes

Levels and vault maps discovered:
D:1:      shiori_shiawase, layout_basic, ebering_ecumenical_altar_sacrificial,
          minmay_tetromino_i2
D:2:      layout_basic
D:3:      layout_basic, serial_shops, nicolae_shop_bloodbath_and_beyond,
          nicolae_shop_advertising_works [nicolae_subvault_shop_adworks], shop,
          shop, shop_statue, gammafunk_ghost_gnarly_gnolls
D:4:      minmay_razor_zed, layout_rooms

Skill      XL: |  1  2  3  4  5 |
---------------+----------------+-----
Spellcasting   | 2 3 |  3.0
Poison Magic   | 2 3 |  3.9
Air Magic      | 2 3 |  3.2
Fighting       | |  1.0
Staves         | |  3.0
Throwing       | |  1.0
Dodging        | |  1.0
Stealth        | |  1.6
Evocations     | |  1.0

Action                   |  1- 3 |  4- 6 || total
-------------------------+-------+-------++-------
Melee: Quarterstaff      |    59 |    15 ||    74
       Staff             |       |    17 ||    17
Throw: Boomerang         |    21 |       ||    21
 Cast: Poisonous Vapours |       |    56 ||    56
       Static Discharge  |       |     1 ||     1
 Abil: Spit Poison       |    13 |     3 ||    16
 Stab: Sleeping          |     1 |       ||     1
Armor: Leather armour    |    11 |    20 ||    31
Dodge: Dodged            |    24 |    46 ||    70
